 Dungeon Crawl Stone Soup version 0.28.0-45-g0d030f2227 (webtiles) character file.

Game seed: 4920820207160065733

318 Ablot the Cutter (level 6, -1/47 HPs)
             Began as a Gnoll Chaos Knight on Apr 16, 2022.
             Was a Plaything of Xom.
             Splashed by a jelly's acid (9 damage)
             ... on level 4 of the Dungeon.
             The game lasted 00:03:03 (3470 turns).

Ablot the Cutter (Gnoll Chaos Knight)               Turns: 3470, Time: 00:03:10

Health: -1/47      AC: -6    Str: 13    XL:     6   Next: 45%
Magic:  9/9        EV: 12    Int:  7    God:    Xom [...*..]
Gold:   144        SH:  0    Dex: 12    Spells: 9/9 levels left

rFire   . . .      SeeInvis .   a - +0 short sword (chaos)
rCold   . . .      Faith    .   (no shield)
rNeg    . . .      Spirit   .   b - +2 leather armour
rPois   .          Reflect  .   (no helmet)
rElec   .          Harm     .   (no cloak)
rCorr   .          Rampage  .   (no gloves)
Will    .....                   (no boots)
Stlth   ++........              (no amulet)
HPRegen 0.15/turn               (no ring)
MPRegen 0.11/turn               (no ring)

@: corroded
A: fangs 1, strong nose, distributed training, dopey 2, frail 1
a: Renounce Religion


You were on level 4 of the Dungeon.
You worshipped Xom.
You were a favourite toy of Xom.
You visited 1 branch of the dungeon, and saw 4 of its levels.

You collected 144 gold pieces.

Inventory:

Hand Weapons
 a - a +0 short sword of chaos (weapon)
Missiles
 d - 4 datura-tipped darts
 f - 33 stones
 i - 16 poisoned darts (quivered)
 n - 20 sling bullets
 o - 18 arrows
Armour
 b - a +2 leather armour (worn)
Magical Staves
 r - a staff of fire
Wands
 m - a wand of polymorph (7)
 p - a wand of iceblast (11)
Scrolls
 e - a scroll of blinking {unknown}
 g - 3 scrolls of identify {unknown}
 j - a scroll of noise {unknown}
 l - a scroll of teleportation {unknown}
Potions
 c - a potion of curing
 h - a potion of might {unknown}
 k - a potion of ambrosia {unknown}
 q - a potion of experience {unknown}


   Skills:
 + Level 6.8 Fighting
 + Level 6.8 Short Blades
 + Level 2.0 Long Blades
 + Level 2.0 Axes
 + Level 2.0 Maces & Flails
 + Level 2.0 Polearms
 + Level 2.0 Staves
 + Level 2.0 Slings
 + Level 2.0 Bows
 + Level 2.0 Crossbows
 + Level 2.0 Throwing
 + Level 5.0 Armour
 + Level 3.2 Dodging
 + Level 2.0 Stealth
 + Level 2.0 Shields
 + Level 2.0 Unarmed Combat
 + Level 2.0 Spellcasting
 + Level 1.5 Conjurations
 + Level 1.5 Hexes
 + Level 1.5 Summonings
 + Level 1.5 Necromancy
 + Level 1.5 Translocations
 + Level 1.5 Transmutations
 + Level 1.5 Fire Magic
 + Level 1.5 Ice Magic
 + Level 1.5 Air Magic
 + Level 1.5 Earth Magic
 + Level 1.5 Poison Magic
 + Level 2.1 Invocations
 + Level 2.0 Evocations


You had 9 spell levels left.
You didn't know any spells.
Your spell library contained the following spells:

 Spells                   Type           Power      Damage    Failure   Level
 Freeze                   Ice            8%         1d3       26%         1
 Summon Lightning Spire   Summ/Air       2%         N/A       94%         4
 Summon Horrible Things   Summ           1%         N/A       100%        8


Dungeon Overview and Level Annotations

Branches:
Dungeon (4/15)
 Temple: D:4-7

Altars:
Elyvilon
Hepliaklqana
Uskayaw
Xom


Innate Abilities, Weirdness & Mutations

You have very sharp teeth.
Your uncanny sense of smell can sniff out nearby items.
Your experience applies equally to all skills.
You are very dopey. (Int -4)
You are frail. (-10% HP)


Message History

No target in view!
An adder comes into view.
You see here a +0 club.
An adder is nearby!
You hit the adder. You bite the adder.
The adder is lightly wounded.
The adder bites you but does no damage.
You miss the adder.
The adder is lightly wounded.
The adder barely misses you.
You barely miss the adder.
The adder is lightly wounded.
The adder bites you.
You hit the adder.
The adder evaporates and reforms as a jelly!
Your hands burn!
You hit the jelly.
The jelly flickers and vanishes!
Deactivating autopickup; reactivate with Ctrl-A.
Xom is amused.
Your hands burn!
Something hits you but does no damage.
No target in view!
No target in view!
No target in view!
No target in view!
No target in view!
No target in view!
There is a strange disturbance nearby!
There is a strange disturbance nearby!
You hit something.
Nothing appears to happen.
The acid corrodes you!
Your hands burn!
Something hits you. The acid corrodes you!
You are splashed with acid!
You closely miss something. Something hits you.
You are splashed with acid.
You hit something but do no damage.
Your hands burn!
You hit something but do no damage.
Your hands burn!
* * * LOW HITPOINT WARNING * * *
You punch something. You bite something. Something hits you.
* * * LOW HITPOINT WARNING * * *
The acid corrodes you!
You are splashed with acid!
You die...
Xom cackles wildly!

#.. #..
#.. #.. ∆
.. #
#.###.#
#.{.#.#
#.@...##
#......#
##)###.#
#.# #.#
#.# #.#
#.# #.#
#########
#.# #.#
#.......##
#.# #.#
#.#####...
#.#
#.###.#
####


There were no monsters in sight!

Vanquished Creatures
  An ogre (D:3)
  A phantom (D:3)
  A jelly (D:4)
  An iguana (D:4)
  3 adders (D:3)
  3 worms (D:3)
  3 dart slugs
  7 orcs
  3 ball pythons (D:1)
  5 endoplasms
  A giant cockroach (D:4)
  4 goblins
  4 hobgoblins
  2 jackals (D:3)
  2 quokkas (D:2)
  2 bats (D:2)
  3 frilled lizards
  10 kobolds
  A rat (D:3)
57 creatures vanquished.

Notes
Turn   | Place    | Note
-------+----------+-------------------------------------------
     0 | D:1      | Ablot the Gnoll Chaos Knight began the quest for the Orb.
     0 | D:1      | Reached XP level 1. HP: 23/23 MP: 1/1
   193 | D:1      | XOM: divination: detect items
   520 | D:1      | Reached XP level 2. HP: 29/29 MP: 2/2
   785 | D:1      | XOM: cloud trail
   908 | D:1      | XOM: silly message
  1081 | D:2      | Got the Guide on Creation and the Snowflakes
  1270 | D:2      | Reached XP level 3. HP: 35/35 MP: 3/3
  1572 | D:3      | XOM: swap monsters
  1575 | D:3      | Reached skill level 1 in Invocations
  1741 | D:3      | Found a hide-covered altar of Uskayaw.
  1754 | D:3      | Found a white marble altar of Elyvilon.
  1782 | D:3      | XOM: polymorph rat -> adder
  1789 | D:3      | Reached skill level 1 in Long Blades
  1789 | D:3      | Reached skill level 1 in Axes
  1789 | D:3      | Reached skill level 1 in Maces & Flails
  1789 | D:3      | Reached skill level 1 in Polearms
  1789 | D:3      | Reached skill level 1 in Staves
  1789 | D:3      | Reached skill level 1 in Slings
  1789 | D:3      | Reached skill level 1 in Bows
  1789 | D:3      | Reached skill level 1 in Crossbows
  1789 | D:3      | Reached skill level 1 in Throwing
  1789 | D:3      | Reached skill level 1 in Stealth
  1789 | D:3      | Reached skill level 1 in Shields
  1789 | D:3      | Reached skill level 1 in Unarmed Combat
  1789 | D:3      | Reached skill level 1 in Spellcasting
  1789 | D:3      | Reached skill level 1 in Evocations
  1795 | D:3      | Reached XP level 4. HP: 32/41 MP: 5/5
  2083 | D:3      | Noticed a phantom
  2143 | D:3      | Killed a phantom
  2144 | D:3      | Reached skill level 1 in Conjurations
  2144 | D:3      | Reached skill level 1 in Hexes
  2144 | D:3      | Reached skill level 1 in Summonings
  2144 | D:3      | Reached skill level 1 in Necromancy
  2144 | D:3      | Reached skill level 1 in Translocations
  2144 | D:3      | Reached skill level 1 in Transmutations
  2144 | D:3      | Reached skill level 1 in Fire Magic
  2144 | D:3      | Reached skill level 1 in Ice Magic
  2144 | D:3      | Reached skill level 1 in Air Magic
  2144 | D:3      | Reached skill level 1 in Earth Magic
  2144 | D:3      | Reached skill level 1 in Poison Magic
  2144 | D:3      | Reached XP level 5. HP: 18/47 MP: 5/7
  2145 | D:3      | XOM: confusion
  2446 | D:3      | XOM: butterfly on damage
  2471 | D:3      | XOM: give mutations
  2471 | D:3      | Gained mutation: You are frail. (-10% HP) [Xom's mischief]
  2471 | D:3      | Gained mutation: You are dopey. (Int -2) [Xom's mischief]
  2471 | D:3      | Gained mutation: You are very dopey. (Int -4) [Xom's
                  | mischief]
  2473 | D:3      | XOM: stat loss: -1 Int (6/7)
  2638 | D:3      | Noticed an ogre
  2641 | D:3      | XOM: divination: detect creatures
  2645 | D:3      | XOM: butterfly on damage
  2649 | D:3      | Killed an ogre
  2650 | D:3      | Reached XP level 6. HP: 24/47 MP: 8/8
  2920 | D:3      | XOM: cloud trail
  3003 | D:4      | XOM: noise
  3018 | D:4      | XOM: butterfly on damage
  3185 | D:4      | XOM: 1-stop teleportation journey
  3193 | D:4      | Found a hazy altar of Hepliaklqana.
  3194 | D:4      | Found a shimmering altar of Xom.
  3195 | D:4      | Noticed a necrophage
  3195 | D:4      | Noticed a spectral ugly thing
  3235 | D:4      | Reached skill level 5 in Armour
  3470 | D:4      | Splashed by a jelly's acid

Illustrated notes

Levels and vault maps discovered:
D:1:      noname_arrival_rooms_in_the_neighbourhood, layout_loops_corners
D:2:      layout_basic
D:3:      layout_loops_ring, amethyst_overflow_temple_binary
D:4:      layout_loops_ring, regret_index_temple_of_mockery, serial_park_tiny_2

Skill      XL: |  1  2  3  4  5  6 |
---------------+-------------------+-----
Invocations    | 1 2 |  2.1
Long Blades    | 1 2 |  2.0
Axes           | 1 2 |  2.0
Maces & Flails | 1 2 |  2.0
Polearms       | 1 2 |  2.0
Staves         | 1 2 |  2.0
Slings         | 1 2 |  2.0
Bows           | 1 2 |  2.0
Crossbows      | 1 2 |  2.0
Throwing       | 1 2 |  2.0
Stealth        | 1 2 |  2.0
Shields        | 1 2 |  2.0
Unarmed Combat | 1 2 |  2.0
Spellcasting   | 1 2 |  2.0
Evocations     | 1 2 |  2.0
Dodging        | 3 |  3.2
Conjurations   | 1 |  1.5
Hexes          | 1 |  1.5
Summonings     | 1 |  1.5
Necromancy     | 1 |  1.5
Translocations | 1 |  1.5
Transmutations | 1 |  1.5
Fire Magic     | 1 |  1.5
Ice Magic      | 1 |  1.5
Air Magic      | 1 |  1.5
Earth Magic    | 1 |  1.5
Poison Magic   | 1 |  1.5
Armour         | 5 |  5.0
Fighting       | |  6.8
Short Blades   | |  6.8

Action                   |  1- 3 |  4- 6 || total
-------------------------+-------+-------++-------
Melee: Short sword       |   100 |   130 ||   230
       Bite              |    13 |    13 ||    26
       Unarmed           |       |    18 ||    18
       Punch             |       |     4 ||     4
Throw: Dart              |       |     3 ||     3
 Stab: Sleeping          |     1 |     1 ||     2
       Confused          |     1 |       ||     1
       Distracted        |       |     1 ||     1
Armor: Leather armour    |    32 |    18 ||    50
       Skin              |       |     5 ||     5
Dodge: Dodged            |    48 |    61 ||   109
